AoeStats
← Canek

Arena

509944531Analyzed
2v2 RM · 4d ago on Sep 28, 2026· 47m 40s· 4 players
Game mode
Random Map
Map size
Medium (4 player)
Population
200
Speed
Normal
Resources
Standard
Victory
Conquest
Starting age
Dark Age
Ending age
Imperial Age
RankedLock teamsTeams togetherTeam positionsShared explorationLock speedFull tech treeHidden civsTurbo modeCheats
Victory
Defeat
🇲🇽 Shu · Mexico
1144
+15
🇭🇷 Varangians · Croatia
1142
+15
🇬🇧 Mongols · United Kingdom
1114
-15
🇨🇾 Spanish · Cyprus
1113
-15
gamtila
0:59 Loom
10:27 Feudal Age
15:56 Castle Age
14:53 Double-Bit Axe
24:41 Horse Collar
29:50 Fletching
31:22 Elite Skirmisher
36:06 Ballistics
40:26 Bodkin Arrow
42:11 Murder Holes
43:58 Wheelbarrow
45:00 Masonry
47:29 Pikeman
48:09 Squires
Dalton
6:30 Loom
9:42 Feudal Age
11:01 Wheelbarrow
13:38 Town Watch
19:36 Castle Age
20:44 Bloodlines
23:35 Double-Bit Axe
35:43 Scale Mail Armor
36:46 Ballistics
36:37 Murder Holes
36:54 Masonry
40:18 Scale Barding Armor
40:24 Forging
42:33 Chain Barding Armor
44:05 Iron Casting
Canek
10:06 Feudal Age
12:27 Loom
13:03 Loom
13:33 Loom
16:16 Castle Age
15:44 Horse Collar
15:56 Double-Bit Axe
18:34 Heavy Plow
18:31 Fletching
19:14 Gold Mining
19:48 Padded Archer Armor
21:10 Pikeman
21:13 Crossbowman
21:58 Thumb Ring
23:09 Bodkin Arrow
27:29 Bow Saw
40:01 Squires
47:07 Gold Shaft Mining
47:16 Wheelbarrow
49:16 Imperial Age
ANDREY FLANKOVICH
10:20 Feudal Age
14:22 Castle Age
12:46 Double-Bit Axe
13:19 Horse Collar
22:15 Fletching
22:13 Loom
22:38 Town Watch
23:49 Bodkin Arrow
25:31 Bow Saw
25:22 Heavy Plow
27:12 Wheelbarrow
27:21 Masonry
28:07 Bloodlines
30:14 Scale Barding Armor
30:54 Hand Cart
32:04 Ballistics
35:32 Imperial Age
33:14 Forging
34:08 Chain Barding Armor
33:50 Scale Mail Armor
33:57 Husbandry
34:33 Iron Casting
34:40 Squires
34:26 Gambesons
34:27 Arson
34:55 Padded Archer Armor
35:42 Murder Holes
35:56 Stone Mining
35:56 Gold Mining
35:58 Stone Mining
36:22 Bracer
36:59 Plate Barding Armor
36:39 Chain Mail Armor
36:19 Capped Ram
37:30 Conscription
37:59 Elite Jarl
40:46 Blast Furnace
40:25 Stone Shaft Mining
40:55 Leather Archer Armor
42:50 Chemistry
42:21 Architecture
42:40 Siege Ram
Connection lost

Rejoining the realm…

Still unreachable

The connection could not be restored.

Session expired

The server has moved on; the page needs a fresh start.